General information
- name: BNet
- type: Ladder 1vs1/FFA
- host: Battle.net
- saver: 7.41
map: GnollWood
- players: 2
- length: 20:49
- speed: Fast
- version: 1.26 W3XP
- replay type: Public
» download(56 KB)
Players
team 1 (loser)

»
Horneybat (
pink | 30 APM | 631 actions | 20:48)
4 Firelord
2 Incinerate
2 Soul Burn
3 Demon Hunter
1 Immolation
2 Evasion
» actions
| Build / train | 57 | |
| Enter build submenu | 16 | |
| Enter hero's abilities submenu | 7 | |
| Give item / drop item | 1 | |
| Right click | 280 | |
| Select / deselect | 229 | |
| Use ability | 41 | |
631 total
» units
| Wisp | 9 | |
| Archer | 22 | |
| Hippogryph | 12 | |
| Forest Troll Shadow Priest | 1 | |
| Forest Troll Berserker | 1 | |
| Mud Golem | 1 | |
46 total
» upgrades
» buildings
| Ancient of War | 1 | |
| Altar of Elders | 1 | |
| Moon Well | 11 | |
| Tree of Ages | 1 | |
| Hunter's Hall | 1 | |
| Ancient of Wind | 1 | |
| Tree of Life | 1 | |
17 total
» build order
00:41 Ancient of War
00:48 Altar of Elders
00:53 Moon Well
01:14 Moon Well
03:03 Moon Well
04:59 Tree of Ages
05:46 Moon Well
06:47 Moon Well
06:57 Hunter's Hall
07:22 Ancient of Wind
08:13 Moon Well
10:55 Moon Well
11:57 Moon Well
12:44 Moon Well
13:03 Moon Well
14:40 Moon Well
15:38 Tree of Life
team 2 (winner)
7.41 (
blue | 70 APM | 1467 actions | 20:49)
7 Blademaster
3 Wind Walk
3 Critical Strike
1 Bladestorm
» actions
| Assign group hotkey | 64 | |
| Basic commands | 56 | |
| Build / train | 73 | |
| ESC pressed | 4 | |
| Enter build submenu | 37 | |
| Enter hero's abilities submenu | 7 | |
| Give item / drop item | 4 | |
| Right click | 576 | |
| Select / deselect | 297 | |
| Select group hotkey | 210 | |
| Use ability | 139 | |
1467 total
» units
| Peon | 14 | |
| Wind Rider | 9 | |
| Troll Batrider | 17 | |
40 total
» upgrades
| Ranged Weapons | 2 | |
| Armor | 1 | |
| Liquid Fire | 1 | |
| Reinforced Defenses | 1 | |
5 total
» buildings
| Altar of Storms | 1 | |
| Orc Burrow | 4 | |
| Voodoo Lounge | 1 | |
| War Mill | 1 | |
| Watch Tower | 22 | |
| Stronghold | 2 | |
| Beastiary | 3 | |
| Great Hall | 2 | |
| Fortress | 1 | |
| Spirit Lodge | 1 | |
38 total
» build order
00:07 Altar of Storms
00:18 Orc Burrow
00:56 Voodoo Lounge
01:17 Orc Burrow
01:49 War Mill
03:11 Watch Tower
03:12 Watch Tower
03:51 Stronghold
03:58 Watch Tower
04:30 Watch Tower
04:35 Watch Tower
04:39 Watch Tower
04:42 Watch Tower
05:00 Orc Burrow
05:20 Stronghold
06:03 Orc Burrow
07:48 Beastiary
07:50 Beastiary
08:10 Watch Tower
08:11 Watch Tower
08:30 Beastiary
11:13 Great Hall
12:08 Watch Tower
12:09 Watch Tower
12:09 Watch Tower
12:11 Watch Tower
13:14 Fortress
14:21 Great Hall
14:25 Watch Tower
14:25 Watch Tower
14:27 Watch Tower
14:28 Watch Tower
14:51 Watch Tower
14:54 Watch Tower
16:24 Watch Tower
16:25 Watch Tower
16:53 Watch Tower
18:57 Spirit Lodge
» items
| Lesser Clarity Potion | 6 | |
| Healing Salve | 4 | |
| Dust of Appearance | 2 | |
| Boots of Speed | 1 | |
| Staff of Teleportation | 1 | |
14 total
Chat log
(03:45 / All) 7.41: have you really played over 2000 games?)
(05:02 / All) 7.41: seriously
(05:05 / All) 7.41: over 2000 games?
(06:32 / All) 7.41: you dont even cancel
(06:32 / All) 7.41: wow
(08:05 / All) 7.41: teehee
(19:53 / All) 7.41: how can you be this bad??
(19:55 / All) 7.41: After so many games
(20:42 / All) 7.41: leave
(20:44 / All) 7.41: youre awful